 Dungeon Crawl Stone Soup version 0.23-a0-451-g1044d4cbad (webtiles) character file.

1764 HELP the Basher (level 8, -4/83 HPs)
             Began as a Troll Berserker on Nov 23, 2018.
             Was a Priest of Trog.
             Slain by a yak (13 damage)
             ... on level 8 of the Dungeon.
             The game lasted 00:17:52 (6056 turns).

HELP the Basher (Troll Berserker)                   Turns: 6056, Time: 00:17:53

Health: -4/83      AC:  7    Str: 28    XL:     8   Next: 79%
Magic:  7/7        EV:  9    Int:  3    God:    Trog [***...]
Gold:   235        SH:  0    Dex:  9    Spells: 7/7 levels left

rFire    . . .     SeeInvis .   a - +0 whip (holy)
rCold    . . .     Gourm    +   (no shield)
rNeg     . . .     Faith    .   b - +0 animal skin
rPois    .         Spirit   .   p - +2 hat
rElec    .         Reflect  .   (no cloak)
rCorr    .         Harm     .   (gloves unavailable)
MR       .....                  (boots unavailable)
Stlth    +.........             (no amulet)
HPRegen  0.63/turn              (no ring)
MPRegen  0.10/turn              (no ring)

@: berserk cooldown, slowed, heavily drained, very slow
A: large, unfitting armour, claws 3, fast metabolism 3, gourmand, regeneration
1, shaggy fur 1, tough skin 2
a: Berserk, Trog's Hand, Renounce Religion


You were on level 8 of the Dungeon.
You worshipped Trog.
Trog was most pleased with you.
You were hungry.

You visited 1 branch of the dungeon, and saw 8 of its levels.
You also visited: Sewer.

You collected 235 gold pieces.

Inventory:

Hand Weapons
 a - a +0 whip of holy wrath (weapon)
 i - a +0 mace
 u - a +0 giant spiked club
Missiles
 f - 10 tomahawks (quivered)
 g - 232 stones
 j - 93 sling bullets
 q - 3 large rocks
 s - 7 javelins
 v - 2 curare-tipped needles
 D - 35 poisoned needles
Armour
 b - a +0 animal skin (worn)
 p - a +2 hat (worn)
Jewellery
 n - a cursed ring of attention {unknown}
Scrolls
 h - 6 scrolls of identify {unknown}
 k - 2 scrolls of enchant armour {unknown}
 l - 3 scrolls of amnesia {unknown}
 m - 8 scrolls of teleportation {unknown}
 x - a scroll of fear {unknown}
 y - 2 scrolls of fog {unknown}
 A - 3 scrolls of remove curse {unknown}
 B - a scroll of noise {unknown}
 G - a scroll of magic mapping {unknown}
Potions
 d - 4 potions of might {unknown}
 e - 3 potions of heal wounds {unknown}
 o - a potion of invisibility {unknown}
 r - 3 potions of curing {unknown}
 t - a potion of agility {unknown}
 w - 2 potions of magic {unknown}
 z - 2 potions of brilliance {unknown}
 C - a potion of haste {unknown}
 E - a potion of degeneration {unknown}
 F - a potion of cancellation {unknown}
Comestibles
 c - 13 rations


   Skills:
 + Level 6.0(3.5) Fighting
 * Level 9.0(6.4) Maces & Flails
 - Level 2.4(0.2) Dodging


You had 7 spell levels left.
You didn't know any spells.
Your spell library was empty.

Dungeon Overview and Level Annotations

Branches:
Dungeon (8/15)             Temple (0/1) D:4
   Lair: D:8-11

Altars:
Ashenzari
Dithmenos
Hepliaklqana
Xom

Shops:
D:5 (=   D:6 }


Innate Abilities, Weirdness & Mutations

You are too large for most types of armour.
You have claws for hands.
Your metabolism is lightning-fast.
You like to eat raw meat.
Your natural rate of healing is unusually fast.
You are covered in fur. (AC +1)
You have very tough skin. (AC +2)


Message History

You barely miss the yak. The yak gores you.
* * * LOW HITPOINT WARNING * * *
You hit the yak.
The yak is lightly wounded.
The yak gores you but does no damage.
You hit the yak.
The yak is lightly wounded.
The yak gores you.
* * * LOW HITPOINT WARNING * * *
The yak barely misses you.
You closely miss the yak.
The yak is lightly wounded.
The yak closely misses you.
You closely miss the yak.
The yak is lightly wounded.
The yak barely misses you.
You hit the yak.
The yak is moderately wounded.
The yak gores you!
You die...

....
#..#
#..#
... #..
#.###.#
#.....#
#Y# #@#
#.# #$.
#?..
...##
#...
##..
###


You could see a yak.

Vanquished Creatures
  Grinder (D:4)
  Eustachio (D:4)
  A water moccasin (D:7)
  A sky beast (D:5)
  An ice beast (D:4)
  An ogre (D:3)
  A phantom (D:5)
  2 big kobolds (Sewer)
  Blork the orc (D:5)
  A crimson imp (D:5)
  2 howler monkeys (D:5)
  A centaur zombie (D:6)
  A hound (D:5)
  An orc priest (D:4)
  A centaur skeleton (D:5)
  2 orc wizards
  2 iguanas
  6 worker ants
  A hound skeleton (D:4)
  6 gnolls
  A river rat (Sewer)
  7 adders
  A shadow imp (D:4)
  3 oozes
  An adder skeleton (D:3)
  3 dart slugs
  4 worms
  2 leopard geckos (D:2)
  6 orcs
  9 ball pythons
  7 bats
  5 giant cockroaches
  9 goblins
  6 hobgoblins
  6 jackals
  15 kobolds
  5 quokkas
  7 frilled lizards
  A leopard gecko skeleton (D:4)
  A quokka skeleton (D:6)
  10 rats
143 creatures vanquished.

Notes
Turn   | Place    | Note
-------+----------+-------------------------------------------
     0 | D:1      | HELP the Troll Berserker began the quest for the Orb.
     0 | D:1      | Reached XP level 1. HP: 22/22 MP: 0/0
   143 | D:1      | Reached skill level 3 in Maces & Flails
   168 | D:1      | Reached XP level 2. HP: 29/29 MP: 1/1
   422 | D:1      | Found a shadowy altar of Dithmenos.
   424 | D:1      | Found a shimmering altar of Xom.
   424 | D:1      | Found a glowing silver altar of Zin.
   426 | D:1      | Found a hide-covered altar of Uskayaw.
   426 | D:1      | Found a hazy altar of Hepliaklqana.
   426 | D:1      | Found an ornate altar of the Wu Jian Council.
   649 | D:2      | Reached XP level 3. HP: 17/36 MP: 2/2
   844 | D:2      | Reached ** piety under Trog
   898 | D:2      | Found a shattered altar of Ashenzari.
   898 | D:2      | Found a shimmering altar of Xom.
  1193 | D:2      | Reached skill level 4 in Maces & Flails
  1236 | D:2      | Reached XP level 4. HP: 42/45 MP: 3/3
  2189 | D:3      | Noticed an ogre
  2299 | D:3      | Killed an ogre
  2299 | D:3      | Reached XP level 5. HP: 53/53 MP: 4/4
  2373 | D:3      | Reached skill level 5 in Maces & Flails
  2502 | D:3      | Found a glowing drain.
  2515 | Sewer    | Entered a sewer
  2714 | Sewer    | Reached XP level 6. HP: 41/62 MP: 5/5
  2830 | Sewer    | Reached *** piety under Trog
  3249 | D:4      | Noticed Eustachio
  3262 | D:4      | Killed Eustachio
  3262 | D:4      | Reached skill level 6 in Maces & Flails
  3262 | D:4      | Reached XP level 7. HP: 71/71 MP: 6/6
  3718 | D:4      | Noticed Grinder
  3733 | D:4      | Paralysed by Grinder for 3 turns
  3749 | D:4      | Killed Grinder
  3749 | D:4      | Reached skill level 7 in Maces & Flails
  3849 | D:4      | Found a shadowy altar of Dithmenos.
  3928 | D:4      | Found a staircase to the Ecumenical Temple.
  3999 | D:4      | Reached skill level 5 in Fighting
  4102 | D:4      | Reached XP level 8. HP: 22/80 MP: 7/7
  4476 | D:5      | Entered Level 5 of the Dungeon
  4675 | D:5      | Noticed Blork the orc
  4690 | D:5      | Killed Blork the orc
  4690 | D:5      | Reached skill level 8 in Maces & Flails
  4823 | D:5      | Found Nyqiukk's Weapon Shop.
  5120 | D:5      | Found Kaafaitt's Jewellery Shop.
  5546 | D:6      | Found Noewun's Gadget Boutique.
  5756 | D:6      | Reached **** piety under Trog
  6036 | D:7      | Reached skill level 9 in Maces & Flails
  6037 | D:7      | HP: 4/83 [orc/+0 trident (10)]
  6056 | D:8      | Slain by a yak

Vault maps used:
D:1:      shiori_arrival_oz, doesnt_xom_only_xom
D:2:      gammafunk_temple_overflow_elements
D:3:      first_ration, portal_sewer_entry_b
D:4:      minmay_temple_entry_fiery, nicolae_zen_rock_garden,
          nicolae_dithmenos_shadow_blocks, uniq_grinder, uniq_eustachio
D:5:      serial_shops, nicolae_shop_behind_doors, shop_fountains,
          uniq_blork_the_orc
D:6:      serial_shops, shop
D:7:      kennysheep_small_square, uniq_pikel, uniq_joseph, uniq_duvessa
D:8:      gammafunk_temple_overflow_claw, lair_entry_dummy,
          nicolae_ossuary_entry_catacombs
Sewer:    sewer_co_15_rooms

Skill      XL: |  1  2  3  4  5  6  7  8 |
---------------+-------------------------+-----
Maces & Flails | 3 4 5 6 7 9 |  9.0
Fighting       | 3 4 5 6 |  6.0
Dodging        | |  2.4

Action                   |  1- 3 |  4- 6 |  7- 9 || total
-------------------------+-------+-------+-------++-------
Melee: Mace              |    32 |       |       ||    32
       Whip              |   115 |   305 |   438 ||   858
Invok: Berserk           |     1 |     2 |     2 ||     5
       Trog's Hand       |       |     1 |     2 ||     3
  Eat: Chunk             |    18 |    17 |    20 ||    55
       Ration            |       |       |     1 ||     1
Armor: Animal skin       |    61 |    93 |   124 ||   278
Dodge: Dodged            |    95 |   125 |   165 ||   385

Table legend:
 A = Non-vault XP
 B = Vault XP
 C = Vault XP percentage of total XP
 D = Non-vault monster count
 E = Vault monster count
 F = Vault count percentage of total count
                 A         B        C        D         E       F
            +---------+---------+-------+---------+---------+-------
      Total |    1531 |     990 |  39.3 |     113 |      30 |  21.0
            +---------+---------+-------+---------+---------+-------
        D:1 |      35 |       4 |  10.3 |      21 |       2 |   8.7
        D:2 |      82 |       0 |   0.0 |      23 |       0 |   0.0
        D:3 |     239 |       4 |   1.6 |      34 |       3 |   8.1
        D:4 |     357 |     463 |  56.5 |      12 |       2 |  14.3
        D:5 |     578 |      99 |  14.6 |      15 |       1 |   6.2
        D:6 |     198 |       0 |   0.0 |       7 |       0 |   0.0
        D:7 |      42 |     145 |  77.5 |       1 |       1 |  50.0
      Sewer |       0 |     275 | 100.0 |       0 |      21 | 100.0
            +---------+---------+-------+---------+---------+-------
